Map: Orbital Shipyard

Players

Torkk - Winner!

  • Race: Protoss Protoss
  • League: Diamond

daydrA

  • Race: Zerg Zerg
  • League: Master

VOD

https://www.youtube.com/watch?v=mwEBkdYmDUI

Description

PvZ Double Warp Prism into Chargelot Archon Immortal

Time

  • Played on: Feb. 1, 2016, 1:33 p.m.
  • Length: 16:52
Show
View Real Time Build Order
Export as new Build Order

Torkk Protoss - Winner!

Build Orders: Nexus First, Mass Adepts 

Get SALT Encoding   

  12  0:00  Probe (Chrono Boost)  
  13  0:11  Probe (Chrono Boost)  
  14  0:19  Pylon  
  14  0:22  Probe (Chrono Boost)  
  15  0:37  Probe (Chrono Boost)  
  16  0:48  Probe (Chrono Boost)  
  17  0:57  Nexus  
  17  1:09  Gateway  
  17  1:11  Probe (Chrono Boost)  
  17  1:17  Assimilator  
  18  1:22  Probe (Chrono Boost)  
  18  1:24  Assimilator  
  20  1:32  Probe (Chrono Boost)  
  20  1:38  Gateway  
  20  1:43  Probe (Chrono Boost)  
  21  1:56  Cybernetics Core  
  21  1:57  Probe (Chrono Boost)  
  22  2:07  Probe (Chrono Boost)  
  23  2:09  Probe (Chrono Boost)  
  24  2:18  Probe (Chrono Boost)  
  24  2:20  Probe (Chrono Boost)  
  26  2:28  Probe (Chrono Boost)  
  26  2:29  Pylon  
  27  2:31  Probe (Chrono Boost)  
  27  2:33  Adept x2 (Chrono Boost)  
  32  2:40  Mothership Core  
  34  2:44  Warp Gate  
  34  2:47  Probe  
  35  2:57  Adept x2 (Chrono Boost)  
  39  2:59  Probe  
  39  3:01  Probe  
  41  3:08  Twilight Council  
  41  3:11  Probe  
  42  3:13  Probe  
  42  3:17  Pylon  
  43  3:23  Probe  
  44  3:28  Probe  
  45  3:35  Probe  
  45  3:36  Robotics Facility  
  45  3:38  Resonating Glaives (Chrono Boost)  
  45  3:40  Probe  
  47  3:47  Probe  
  48  3:51  Pylon  
  48  3:52  Probe  
  49  3:58  Gateway  
  49  4:01  Gateway  
  49  4:02  Probe  
  50  4:04  Probe  
  50  4:06  Adept  
  50  4:09  Adept  
  55  4:14  Probe, Pylon  
  55  4:17  Probe  
  57  4:22  Assimilator  
  57  4:26  Warp Prism (Chrono Boost), Probe  
  57  4:29  Probe  
  61  4:37  Assimilator  
  61  4:38  Probe  
  61  4:39  Pylon  
  61  4:41  Assimilator, Pylon  
  61  4:42  Probe  
  63  4:50  Probe  
  64  4:56  Adept x3  
  64  4:58  Adept  
  74  5:00  Warp Prism (Chrono Boost)  
  74  5:06  Charge  
  74  5:12  Probe  
  74  5:13  Probe  
  76  5:24  Probe  
  76  5:25  Forge  
  77  5:30  Nexus  
  77  5:35  Observer (Chrono Boost)  
  78  5:46  Probe x2  
  80  5:52  Gateway  
  80  5:53  Immortal (Chrono Boost)  
  80  5:55  Gateway  
  84  5:59  Pylon  
  84  6:00  Pylon  
  84  6:06  Adept  
  86  6:16  Gateway x2  
  86  6:19  Adept  
  86  6:21  Adept  
  86  6:24  Gateway x2, Adept  
  92  6:27  Probe x2  
  94  6:35  Pylon  
  94  6:36  Pylon  
  92  7:01  Adept x3  
  96  7:02  Probe  
  96  7:03  Probe x2  
  101  7:08  Immortal (Chrono Boost)  
  101  7:15  Probe, Zealot x5  
  109  7:20  Probe  
  109  7:21  Probe  
  109  7:22  Assimilator, Robotics Facility  
  104  7:26  Assimilator  
  104  7:28  Probe  
  105  7:35  Templar Archives  
  101  7:37  Zealot x2  
  101  7:39  Immortal (Chrono Boost), Sentry  
  101  7:41  Sentry  
  113  7:44  Protoss Ground Weapons Level 1 (Chrono Boost)  
  113  7:48  Stargate  
  113  8:05  Zealot  
  113  8:06  Zealot x7  
  123  8:14  Immortal (Chrono Boost)  
  123  8:19  High Templar  
  129  8:20  High Templar  
  129  8:26  Pylon  
  131  8:27  Pylon  
  131  8:31  Observer (Chrono Boost), Pylon  
  128  8:36  Archon  
  128  8:42  Zealot x2  
  108  8:50  Observer (Chrono Boost), Zealot x6  
  105  8:57  Probe x3  
  108  9:04  Zealot x4  
  108  9:09  Probe x2  
  118  9:16  Zealot x2  
  118  9:17  Zealot x4  
  120  9:25  Immortal x2 (Chrono Boost)  
  120  9:26  Oracle  
  129  9:31  High Templar x4  
  129  9:32  Protoss Ground Weapons Level 2  
  127  9:39  Archon x2  
  127  9:40  Psionic Storm  
  127  9:44  Zealot x3  
  133  10:02  Nexus  
  133  10:17  High Templar x2, Pylon  
  133  10:20  Immortal (Chrono Boost), Pylon  
  141  10:23  Immortal (Chrono Boost), Archon  
  141  10:27  Pylon  
  145  10:35  Zealot  
  145  10:36  Zealot x4  
  145  10:42  Pylon  
  155  10:43  Pylon  
  155  11:02  Immortal x2 (Chrono Boost), High Templar x2  
  167  11:04  Zealot x3  
  173  11:12  Archon  
  173  11:23  Zealot x4  
  173  11:24  Zealot  
  183  11:36  High Templar x4  
  191  11:52  Immortal (Chrono Boost)  
  195  11:55  Pylon  
  195  11:59  Pylon  
  195  12:03  Pylon  
  195  12:05  Immortal (Chrono Boost)  
  144  12:28  Zealot x7  
  144  12:29  Zealot x3  
  152  12:39  Immortal (Chrono Boost)  
  152  12:40  Immortal (Chrono Boost)  
  152  12:42  Stargate  
  154  12:44  Fleet Beacon  
  154  12:47  Assimilator  
  150  12:52  Pylon  
  150  13:04  High Templar  
  150  13:05  High Templar x4  
  160  13:10  Zealot x5  
  167  13:23  Archon x2  
  149  13:36  Tempest x2  
  149  13:38  Immortal (Chrono Boost)  
  149  13:39  Zealot x2  
  165  13:43  Gateway  
  165  13:45  Probe  
  165  13:47  Assimilator  
  166  13:51  Dark Shrine  
  166  14:05  Observer (Chrono Boost)  
  166  14:08  Protoss Ground Weapons Level 3  
  167  14:11  Zealot x5  
  167  14:12  Observer (Chrono Boost), Zealot  
  177  14:19  Tempest  
  181  14:24  Tempest  
  171  14:40  Warp Prism (Chrono Boost)  
  173  14:48  Nexus  
  173  14:59  Observer (Chrono Boost)  
  174  15:09  High Templar x2  
  174  15:10  Zealot x3  
  174  15:11  Zealot x3  
  174  15:12  Observer (Chrono Boost)  
  191  15:14  Zealot  
  133  15:54  Zealot x9  
  145  16:13  Zealot  
  141  16:21  Zealot x2  
  141  16:22  Zealot  
  136  16:36  High Templar x3  
  136  16:38  High Templar  
  144  16:46  Archon  
  144  16:47  Archon  
Show
View Real Time Build Order
Export as new Build Order

daydrA Zerg 

Build Orders: Hatch First, Lurkers 

Get SALT Encoding   

  12  0:03  Drone  
  13  0:12  Overlord  
  13  0:17  Drone  
  14  0:31  Drone x2  
  16  0:36  Drone  
  17  0:52  Hatchery  
  17  0:54  Drone  
  17  0:58  Drone  
  18  1:08  Extractor  
  17  1:13  Spawning Pool  
  17  1:15  Drone  
  17  1:19  Drone  
  18  1:29  Drone  
  19  1:41  Drone  
  20  1:52  Overlord  
  20  2:00  Queen  
  22  2:03  Queen  
  22  2:04  Zergling x4  
  26  2:13  Zergling x2  
  27  2:16  Metabolic Boost  
  27  2:17  Drone  
  28  2:24  Drone  
  28  2:29  Drone  
  30  2:34  Overlord  
  30  2:39  Queen  
  30  2:43  Drone  
  33  2:48  Drone x2  
  35  2:53  Lair  
  35  2:57  Extractor, Drone  
  35  2:58  Drone  
  36  2:59  Extractor  
  35  3:07  Zergling x2  
  35  3:10  Zergling x2  
  35  3:11  Drone x2  
  35  3:12  Drone  
  40  3:14  Drone  
  40  3:16  Drone  
  42  3:23  Drone  
  42  3:25  Drone  
  44  3:29  Overlord  
  44  3:32  Overlord  
  44  3:46  Extractor  
  44  3:47  Drone  
  44  3:48  Drone x3  
  47  3:49  Drone x3  
  47  3:54  Hydralisk Den  
  49  3:55  Overseer  
  49  4:02  Drone x2  
  51  4:03  Drone  
  51  4:05  Drone  
  53  4:13  Drone x2  
  53  4:16  Drone  
  56  4:20  Drone  
  56  4:21  Drone x2  
  56  4:23  Lurker Den  
  59  4:43  Evolution Chamber  
  59  4:45  Hatchery  
  57  4:46  Hydralisk  
  57  4:49  Overlord x2  
  59  5:04  Overlord  
  59  5:07  Queen  
  61  5:16  Hydralisk x6  
  73  5:24  Drone x3  
  73  5:25  Drone x3  
  73  5:26  Drone  
  73  5:27  Drone  
  81  5:32  Zerg Missile Weapons Level 1  
  81  5:36  Hydralisk  
  81  5:43  Hydralisk  
  81  5:48  Drone  
  82  5:50  Muscular Augments  
  82  5:52  Hydralisk  
  82  5:53  Lurker  
  82  5:55  Overlord x2  
  83  6:00  Extractor  
  82  6:09  Spore Crawler  
  81  6:14  Lurker x4  
  81  6:16  Hydralisk x6  
  96  6:22  Drone x3  
  96  6:24  Overlord  
  99  6:28  Hydralisk  
  99  6:30  Hydralisk  
  103  6:33  Hydralisk  
  105  6:40  Overlord x2  
  104  6:52  Hydralisk x2  
  104  6:53  Hydralisk x3  
  110  7:00  Hydralisk  
  110  7:01  Zergling x6  
  102  7:06  Zergling x4  
  99  7:13  Zergling x2  
  84  7:25  Drone  
  84  7:29  Drone  
  81  7:30  Drone  
  81  7:32  Drone  
  81  7:36  Drone x2  
  82  7:44  Overlord  
  82  7:45  Drone  
  82  7:46  Drone x2  
  82  7:47  Drone  
  82  7:48  Drone  
  87  7:54  Drone x2  
  86  8:14  Hydralisk x2  
  86  8:15  Overseer  
  86  8:17  Hydralisk x2  
  86  8:18  Zergling x4  
  96  8:25  Hydralisk, Zergling x4  
  100  8:27  Zergling x2  
  98  8:34  Hydralisk, Zergling x2  
  98  8:35  Zergling x2  
  98  8:36  Zergling x2  
  99  8:46  Zergling x6  
  99  8:47  Zergling x4  
  93  8:50  Zergling x2  
  93  8:51  Zergling x2  
  83  8:55  Drone  
  83  8:56  Drone  
  83  8:58  Drone  
  83  8:59  Drone  
  87  9:04  Drone x2  
  88  9:11  Drone x3  
  89  9:21  Zerg Ground Armor Level 1  
  89  9:35  Drone x4  
  89  9:36  Drone x2  
  95  9:42  Drone x2  
  95  9:43  Drone x3  
  95  9:44  Extractor  
  95  9:45  Drone  
  100  9:46  Drone  
  100  9:48  Drone  
  102  9:53  Drone  
  102  9:54  Drone  
  104  10:02  Lurker  
  104  10:03  Lurker x8  
  104  10:05  Hatchery  
  112  10:20  Overlord x3, Spore Crawler  
  112  10:21  Overlord x3  
  111  10:38  Hydralisk  
  111  10:39  Hydralisk x6  
  111  10:41  Drone x2  
  127  10:44  Drone x2  
  127  10:46  Extractor  
  127  10:47  Drone x2  
  130  10:50  Drone x2  
  130  10:51  Drone  
  130  10:53  Drone  
  126  10:58  Hydralisk x2  
  126  11:02  Hydralisk x2  
  134  11:09  Hydralisk  
  134  11:10  Hydralisk x2  
  140  11:12  Hydralisk  
  140  11:17  Hydralisk x2  
  145  11:19  Zergling x2  
  145  11:21  Zergling x4  
  148  11:27  Drone x2  
  148  11:31  Overseer  
  148  11:32  Hydralisk x3  
  150  11:33  Hydralisk  
  157  11:47  Hydralisk x3  
  157  11:48  Hydralisk, Zergling x6  
  168  12:05  Hydralisk x3, Zergling x4  
  168  12:06  Zergling x2  
  167  12:18  Hydralisk x2  
  167  12:19  Hydralisk x5, Zergling x8  
  167  12:20  Zergling x4  
  167  12:21  Zergling x2  
  148  12:28  Hydralisk, Zergling x2  
  125  12:32  Hydralisk  
  125  12:33  Hydralisk  
  120  12:39  Drone x6  
  119  12:45  Hydralisk  
  119  12:46  Hydralisk x3  
  126  12:53  Hydralisk x2  
  130  12:59  Hydralisk x2  
  130  13:03  Hydralisk  
  130  13:04  Hydralisk x5  
  146  13:12  Zergling x2  
  147  13:17  Hydralisk x2, Zergling x2  
  147  13:18  Zergling x2  
  151  13:20  Hydralisk, Zergling x2  
  117  13:27  Hydralisk, Zergling x2  
  117  13:28  Zergling x2  
  117  13:30  Hydralisk x2  
  117  13:31  Zergling x2  
  122  13:35  Hydralisk x5  
  122  13:37  Zergling x2  
  122  13:40  Drone  
  134  13:45  Lurker x3  
  134  13:46  Lurker x4  
  134  13:47  Lurker  
  142  13:51  Lurker, Drone x3  
  142  13:52  Drone  
  147  14:09  Extractor  
  146  14:12  Spine Crawler  
  146  14:14  Hydralisk x5  
  155  14:18  Hatchery  
  155  14:22  Zergling x10  
  159  14:27  Evolution Chamber  
  159  14:28  Hydralisk Den  
  157  14:41  Zergling x2  
  157  14:42  Zergling x20  
  168  14:51  Overlord  
  168  14:52  Overlord x4  
  168  15:06  Overseer  
  167  15:35  Zergling x16  
  167  15:36  Zergling x28  
  167  15:39  Zergling x4  
  167  15:40  Zergling x2  
  169  15:45  Zergling x4  
  169  15:47  Zergling x4  
  104  15:57  Hydralisk x3  
  104  16:00  Hydralisk  
  112  16:07  Spine Crawler  
  112  16:08  Spine Crawler  
  112  16:09  Hydralisk x4, Spine Crawler  
  112  16:10  Spine Crawler  
  116  16:12  Spine Crawler x2  
  116  16:18  Hydralisk x3  
  111  16:19  Hydralisk  
  118  16:30  Zergling x4  
  120  16:33  Zergling x2  
Tags
 
Add a new tag
Caveats
  • Supply blocks, unpowered buildings, or Contaminate may cause inaccurate times.
  • Supply counts are checked every 10 seconds.